 Dungeon Crawl Stone Soup version 0.20-a0-4-gd166d5d (webtiles) character file.

1620 sveltemanboy the Grappler (level 8, -7/58 HPs)
             Began as a Demonspawn Gladiator on Oct 31, 2016.
             Killed from afar by Pikel (16 damage)
             ... with a wand of lightning
             ... on level 4 of the Dungeon.
             The game lasted 00:11:15 (3485 turns).

sveltemanboy the Grappler (Demonspawn Gladiator)    Turns: 3485, Time: 00:11:16

Health: -7/58      AC:  9    Str: 16    XL:     8   Next: 64%
Magic:  8/8        EV: 15    Int: 11    God:
Gold:   209        SH:  0    Dex: 14    Spells: 0 memorised, 7 levels left

rFire  . . .     SeeInvis .       - Unarmed
rCold  . . .     Gourm    .     t - +0 ring mail
rNeg   . . .     Faith    .     (no shield)
rPois  +         Spirit   .     w - +2 helmet
rElec  .         Reflect  .     (no cloak)
rCorr  .         Harm     .     (no gloves)
MR     .....                    (no boots)
Stlth  ++........               (no amulet)
                                u - ring of stealth
                                i - ring of poison resistance

@: flying
A: claws 2, repulsion field 2
a: no special abilities


You were on level 4 of the Dungeon.
You were not hungry.

You visited 1 branch of the dungeon, and saw 4 of its levels.
You also visited: Sewer.

You collected 209 gold pieces.

Inventory:

Missiles
 d - a throwing net (quivered)
Armour
 t - a +0 ring mail (worn)
 w - a +2 helmet (worn)
Jewellery
 i - a ring of poison resistance (left claw)
 m - an uncursed ring of positive energy
 u - a ring of stealth (right claw)
Wands
 a - a wand of polymorph (11/24)
Scrolls
 e - a scroll of blinking {unknown}
 l - 3 scrolls of teleportation {unknown}
 n - 2 scrolls of enchant weapon {unknown}
 o - 4 scrolls of amnesia {unknown}
 p - a scroll of noise {unknown}
 q - 2 scrolls of identify
 x - a scroll of fear {unknown}
Potions
 b - 3 potions of flight
 g - a potion of cure mutation {unknown}
 h - 4 potions of might {unknown}
 j - 3 potions of haste {unknown}
 k - 4 potions of heal wounds {unknown}
 s - 4 potions of curing {unknown}
 v - a potion of berserk rage {unknown}
 z - a potion of degeneration {unknown}
Comestibles
 c - 3 chunks of flesh
 f - 6 bread rations
 r - 2 meat rations


   Skills:
 + Level 3.0 Fighting
   Level 3.1 Polearms
 - Level 2.0 Throwing
 - Level 5.7 Armour
 - Level 3.0 Dodging
 + Level 0.8 Stealth
 * Level 12.1 Unarmed Combat


You had 7 spell levels left.
You didn't know any spells.

Dungeon Overview and Level Annotations

Branches:
Dungeon (4/15)
 Temple: D:4-7

Altars:

Annotations:
D:4 Pikel


Innate Abilities, Weirdness & Mutations

You have very sharp fingernails.
You are surrounded by a moderate repulsion field. (EV +3)


Message History

You barely miss Pikel.
Pikel is heavily wounded.
Pikel hits you with a whip of freezing. Pikel freezes you.
The slave hits you but does no damage.
You barely miss Pikel.
Pikel is heavily wounded.
The slave hits you!
Pikel zaps a wand.
The bolt of lightning hits you!
* * * LOW HITPOINT WARNING * * *
The slave closely misses you.
You claw Pikel!
Pikel is almost dead.
The slave barely misses you. Pikel hits you with a whip of freezing.
* * * LOW HITPOINT WARNING * * *
Pikel freezes you.
* * * LOW HITPOINT WARNING * * *
It was a potion of flight.
You feel very buoyant.
You fly up into the air.
The slave misses you. The slave barely misses you.
Pikel zaps a wand.
The bolt of lightning hits you!
You die...

##................
###.................
##...................
###....................
##................[.....
#.................[.....
#.........##########...
#........## ###.
..p....#....p@..# #.
.......#....pK..# #.
..p....#.......## ##
.......#.......# #
.......#......## #
.......#......# #
.......#......# #
........†....## #
....#...)....# #


You could see Pikel and 2 slaves.

Vanquished Creatures
  Grinder (Sewer)
  Sigmund (D:2)
  Eustachio (D:4)
  An ice beast (D:3)
  2 slaves (D:4)
  An ogre (D:4)
  A big kobold (Sewer)
  A howler monkey (D:4)
  A bullfrog skeleton (D:4)
  A quasit (Sewer)
  2 hounds (D:4)
  2 orc priests
  4 orc wizards
  Natasha (thrice) (D:2)
  An iguana (D:4)
  4 big kobold zombies (Sewer)
  Robin (D:4)
  9 adders
  A river rat (D:3)
  6 shadow imps (Sewer)
  3 oozes
  4 worms
  A dart slug (D:3)
  2 leopard geckos
  6 orcs
  A ball python (D:3)
  2 bat zombies (Sewer)
  2 giant cockroaches
  12 goblins
  8 hobgoblins
  3 jackals (D:4)
  25 kobolds
  3 quokkas
  A ball python skeleton (D:4)
  5 bats
  3 frilled lizards
  A giant cockroach zombie (Sewer)
  A leopard gecko skeleton (D:4)
  A quokka skeleton (D:4)
  15 rats
143 creatures vanquished.

Vanquished Creatures (others)
  A big kobold zombie (Sewer)
1 creature vanquished.

Grand Total: 144 creatures vanquished

Notes
Turn   | Place    | Note
-------+----------+-------------------------------------------
     0 | D:1      | sveltemanboy the Demonspawn Gladiator began the quest for the Orb.
     0 | D:1      | Reached XP level 1. HP: 16/16 MP: 1/1
   206 | D:1      | Gained mutation: You have sharp fingernails. [demonic ancestry]
   206 | D:1      | Reached XP level 2. HP: 22/22 MP: 2/2
   468 | D:1      | Reached skill level 1 in Armour
   803 | D:2      | Reached skill level 1 in Unarmed Combat
   824 | D:2      | Gained mutation: You are surrounded by a mild repulsion field. (EV +2) [demonic ancestry]
   824 | D:2      | Reached XP level 3. HP: 23/27 MP: 3/3
   953 | D:2      | Noticed Sigmund
   959 | D:2      | Reached skill level 5 in Armour
   959 | D:2      | Reached skill level 8 in Unarmed Combat
   959 | D:2      | Gained mutation: You are surrounded by a moderate repulsion field. (EV +3) [demonic ancestry]
   959 | D:2      | Reached XP level 4. HP: 33/33 MP: 4/4
   960 | D:2      | Reached skill level 11 in Unarmed Combat
   960 | D:2      | Reached XP level 5. HP: 38/38 MP: 5/5
   969 | D:2      | Killed Sigmund
   969 | D:2      | Reached XP level 6. HP: 44/44 MP: 6/6
  1061 | D:2      | Noticed Natasha
  1074 | D:2      | Killed Natasha
  1206 | D:2      | Noticed Natasha
  1212 | D:2      | Killed Natasha
  1289 | D:2      | Noticed Natasha
  1298 | D:2      | Killed Natasha
  1738 | D:3      | Noticed an ice beast
  1742 | D:3      | Killed an ice beast
  1742 | D:3      | Gained mutation: You have very sharp fingernails. [demonic ancestry]
  1742 | D:3      | Reached XP level 7. HP: 50/50 MP: 7/7
  2151 | D:3      | Found a glowing drain.
  2164 | Sewer    | Entered a sewer
  2316 | Sewer    | Found a burning altar of Makhleb.
  2394 | Sewer    | Noticed Grinder
  2408 | Sewer    | Paralysed by Grinder for 6 turns
  2421 | Sewer    | Paralysed by Grinder for 4 turns
  2428 | Sewer    | Killed Grinder
  2428 | Sewer    | Reached XP level 8. HP: 50/57 MP: 8/8
  2843 | D:4      | Noticed Robin
  2878 | D:4      | Killed Robin
  3173 | D:4      | Reached skill level 12 in Unarmed Combat
  3242 | D:4      | Noticed Eustachio
  3261 | D:4      | Killed Eustachio
  3475 | D:4      | Noticed Pikel
  3485 | D:4      | Killed from afar by Pikel

Vault maps used:
D:1:      dpeg_arrival_arbitrary_a
D:2:      st_stairs_12, kennysheep_generic_room_16, uniq_natasha, uniq_sigmund
D:3:      portal_sewer_entry_e
D:4:      first_bread, minmay_cupped, uniq_robin, uniq_blork_the_orc,
          uniq_menkaure, uniq_pikel, uniq_eustachio
Sewer:    kennysheep_sewer_church

Skill      XL: |  1  2  3  4  5  6  7  8 |
---------------+-------------------------+-----
Polearms       | 3 |  3.1
Armour         | 1 5 |  5.7
Unarmed Combat | 1 8 11 12 | 12.1
Dodging        | 3 |  3.0
Throwing       | 2 |  2.0
Fighting       | 3 |  3.0
Stealth        | |  0.8

Action                   |  1- 3 |  4- 6 |  7- 9 || total
-------------------------+-------+-------+-------++-------
Melee: Trident           |    63 |       |       ||    63
       Unarmed           |       |    61 |   269 ||   330
       Punch             |       |       |    11 ||    11
Throw: Stone             |     8 |     5 |       ||    13
       Throwing net      |     2 |     2 |     2 ||     6
  Use: Scroll            |     2 |       |       ||     2
       Potion            |     1 |     1 |     1 ||     3
 Stab: Held in net/web   |       |     1 |       ||     1
       Sleeping          |       |       |     2 ||     2
       Distracted        |       |       |     1 ||     1
  Eat: Chunk             |       |     3 |     6 ||     9
Armor: Leather armour    |     6 |       |       ||     6
       Scale mail        |     3 |    15 |     5 ||    23
       Ring mail         |       |       |    67 ||    67
Dodge: Dodged            |    22 |    17 |   158 ||   197
